 Dungeon Sprint DCSS version 0.20.1-1-g8b1a95d66d (webtiles) character file.

11400000 Jannitor the Intangible (level 27, -185/174 HPs)
             Began as a Spriggan Monk on Oct 4, 2017.
             Was the Champion of Makhleb.
             Annihilated by The Captor
             ... wielding a +9 triple sword of slicing
              (214 damage)
             ... in the Dungeon (Sprint VIII: "Arena of Blood") on Nov 23, 2017.
             The game lasted 00:05:38 (114 turns).

Jannitor the Intangible (Spriggan Monk)              Turns: 114, Time: 00:05:38

Health: -185/174   AC:  4    Str: 16    XL:     27
Magic:  39/55      EV: 40    Int: 14    God:    Makhleb [******]
Gold:   0          SH:  0    Dex: 20    Spells: 80/80 levels left

rFire    + . .     SeeInvis +   j - +∞ Axe of Woe
rCold    . . .     Gourm    .   (shield currently unavailable)
rNeg     . . .     Faith    .   b - +0 robe
rPois    .         Spirit   .   (helmet restricted)
rElec    .         Reflect  .   (no cloak)
rCorr    .         Harm     .   (gloves unavailable)
MR       ++++.     NoTele   +   (boots unavailable)
Stlth    +++++++++.             (no amulet)
Regen    0.4/turn               k - ring of protection from fire
MPRegen  0.4/turn               (no ring)

@: very quick
A: unfitting armour, see invisible, herbivore 3, speed 3, slow metabolism 2
a: Minor Destruction, Lesser Servant of Makhleb, Major Destruction, Greater
Servant of Makhleb, Renounce Religion


You were in the Dungeon.
You worshipped Makhleb.
Makhleb was exalted by your worship.
You were not hungry.

You visited 1 branch

Inventory:

Hand Weapons
 a - a +0 hand axe
 j - the +∞ Axe of Woe (weapon)
   (You found it in the Dungeon)
Armour
 b - a +0 robe (worn)
Jewellery
 k - a ring of protection from fire (left hand)
Scrolls
 i - a scroll of blinking
Potions
 d - a potion of curing
 e - a potion of heal wounds
 f - a potion of haste
 g - 2 potions of magic
 h - a potion of berserk rage
Comestibles
 c - a bread ration


   Skills:
 O Level 27 Fighting
 O Level 27 Axes
 O Level 27 Throwing
 O Level 27 Armour
 O Level 27 Dodging
 O Level 27 Stealth
 O Level 27 Unarmed Combat
 O Level 27 Spellcasting
 O Level 27 Invocations


You had 80 spell levels left.
You didn't know any spells.

Dungeon Overview and Level Annotations

Branches:
Dungeon (1/1)

Altars:
Makhleb

Annotations:
D The Captor, The Defiler


Innate Abilities, Weirdness & Mutations

You are very small and have problems with some larger weapons.
You are too small for most types of armour.
You have supernaturally acute eyesight. (SInv)
You are a herbivore.
You cover ground extremely quickly.
You need consume almost no food.


Message History

Something smites you!
* * * LOW HITPOINT WARNING * * *
Unknown command.
You slash the observer!
You butcher the observer messily.
You kill the observer!
Makhleb accepts your kill.
You hear a shout! x6
Unknown command.
You slash the bag of meat!
You hew the bag of meat savagely.
You kill the bag of meat!
Makhleb accepts your kill.
You hear a shout! x2
The eight-headed meat hydra appears out of thin air!
An eight-headed meat hydra comes into view.
You hear a shout!
A wretched soul comes into view.
You hear a shout! x5
The Captor hits you with a +9 triple sword of slicing!!!!!
Ouch! That really hurt!
You die...

#### ...### .D...####
####......####
.............####
.......§....D...####
......@@.§§§.......#
.......#).§§.......#
....z####M§.@......#
...§...X.D.......).#
...LO..o....#....).#
....o.D............# ..
....W ....M.....#......# #.
.....#..z..............)#
#.......#...........##.....#


You could see an accursed, 3 eight-headed meat hydras, a sculptor of flesh, The
Defiler, a wretched soul (wandering) and The Captor.

Vanquished Creatures
  3 hell beasts (D)
  A greater mummy (D)
  3 great orbs of eyes (D)
  3 wraiths (D)
  10 vampire knights (D)
  3 two-headed ogres (D)
  2 liches (D)
  72 orcs (D)
  A phantom (D)
  3 skeletal warriors (D)
  7 large abominations (D)
  3 small abominations (D)
  2 crawling corpses (D)
  23 ogres (D)
136 creatures vanquished.

Vanquished Creatures (others)
  2 orcs (D)
  7 crawling corpses (D)
9 creatures vanquished.

Grand Total: 145 creatures vanquished

Notes
Turn   | Place    | Note
-------+----------+-------------------------------------------
     0 | D        | Jannitor the Spriggan Monk began the quest for the Orb.
     0 | D        | Reached XP level 1. HP: 11/11 MP: 2/2
     4 | D        | Became a worshipper of Makhleb the Destroyer
     4 | D        | Reached * piety under Makhleb
     4 | D        | Reached ** piety under Makhleb
     5 | D        | Noticed a bag of meat
     5 | D        | Noticed a meat berserker
     5 | D        | Noticed a bag of meat
     7 | D        | Noticed a bag of meat
     8 | D        | Noticed a bag of meat
     9 | D        | Killed a meat berserker
     9 | D        | Reached XP level 2. HP: 30/30 MP: 3/3
     9 | D        | Reached XP level 3. HP: 34/34 MP: 4/4
     9 | D        | Reached XP level 4. HP: 39/39 MP: 5/5
     9 | D        | Reached XP level 5. HP: 43/43 MP: 6/6
     9 | D        | Reached XP level 6. HP: 48/48 MP: 7/7
     9 | D        | Reached XP level 7. HP: 52/52 MP: 8/8
     9 | D        | Reached XP level 8. HP: 57/57 MP: 9/9
     9 | D        | Reached XP level 9. HP: 61/61 MP: 10/10
     9 | D        | Reached XP level 10. HP: 66/66 MP: 11/11
     9 | D        | Reached XP level 11. HP: 70/70 MP: 12/12
     9 | D        | Reached XP level 12. HP: 75/75 MP: 13/13
     9 | D        | Reached XP level 13. HP: 79/79 MP: 14/14
    10 | D        | Killed a bag of meat
    11 | D        | Upgraded the game from 0.20.1-1-g8b1a95d to 0.20.1-1-g8b1a95d66d
    11 | D        | Killed a bag of meat
    11 | D        | Reached XP level 14. HP: 89/89 MP: 15/15
    12 | D        | Noticed a meat berserker
    12 | D        | Noticed a bag of meat
    12 | D        | Noticed a meat berserker
    12 | D        | Killed a bag of meat
    12 | D        | Reached *** piety under Makhleb
    13 | D        | Noticed a bag of meat
    13 | D        | Killed a bag of meat
    13 | D        | Reached skill level 15 in Armour
    13 | D        | Reached skill level 27 in Dodging
    13 | D        | Reached XP level 15. HP: 97/97 MP: 16/16
    15 | D        | Killed a meat berserker
    15 | D        | Reached skill level 15 in Stealth
    16 | D        | Noticed a meat berserker
    16 | D        | Killed a meat berserker
    16 | D        | Reached **** piety under Makhleb
    16 | D        | Reached XP level 16. HP: 65/108 MP: 17/17
    19 | D        | Noticed a meat berserker
    20 | D        | Noticed a meat berserker
    20 | D        | Noticed a meat berserker
    20 | D        | Noticed a meat berserker
    20 | D        | Noticed a meat berserker
    21 | D        | Killed a meat berserker
    21 | D        | Reached XP level 17. HP: 115/115 MP: 18/18
    22 | D        | Noticed a large bag of meat
    23 | D        | Noticed a destroyer
    23 | D        | Noticed a meat berserker
    25 | D        | Killed a meat berserker
    25 | D        | Killed a meat berserker
    25 | D        | Reached ***** piety under Makhleb
    25 | D        | Reached XP level 18. HP: 126/126 MP: 19/19
    26 | D        | Noticed a meat berserker
    26 | D        | Noticed a meat berserker
    26 | D        | Killed a meat berserker
    26 | D        | Reached skill level 27 in Fighting
    26 | D        | Reached skill level 27 in Axes
    26 | D        | Reached XP level 19. HP: 132/132 MP: 20/20
    28 | D        | Killed a meat berserker
    28 | D        | Reached skill level 27 in Armour
    28 | D        | Reached skill level 27 in Stealth
    29 | D        | Noticed a meat berserker
    29 | D        | Killed a destroyer
    29 | D        | Reached skill level 10 in Unarmed Combat
    30 | D        | Noticed a destroyer
    30 | D        | Reached XP level 20. HP: 137/137 MP: 20/41
    30 | D        | Reached skill level 15 in Throwing
    30 | D        | Reached skill level 15 in Invocations
    30 | D        | Noticed a destroyer
    31 | D        | Killed a meat berserker
    31 | D        | Reached ****** piety under Makhleb
    31 | D        | Reached skill level 15 in Unarmed Combat
    32 | D        | Reached XP level 21. HP: 142/142 MP: 20/49
    32 | D        | Reached skill level 27 in Spellcasting
    33 | D        | Noticed a destroyer
    33 | D        | Reached XP level 22. HP: 148/148 MP: 20/54
    33 | D        | Reached skill level 27 in Throwing
    33 | D        | Reached skill level 27 in Invocations
    33 | D        | Noticed a large bag of meat
    34 | D        | Noticed a destroyer
    34 | D        | Noticed a destroyer
    34 | D        | Killed a large bag of meat
    34 | D        | Reached skill level 27 in Unarmed Combat
    34 | D        | Reached XP level 23. HP: 153/153 MP: 21/55
    35 | D        | Noticed a destroyer
    39 | D        | Killed a destroyer
    39 | D        | Reached XP level 24. HP: 158/158 MP: 22/55
    42 | D        | Noticed a destroyer
    44 | D        | Killed a destroyer
    44 | D        | Killed a destroyer
    44 | D        | Reached XP level 25. HP: 163/163 MP: 23/55
    48 | D        | Killed a destroyer
    50 | D        | Noticed a tyrant
    51 | D        | Reached XP level 26. HP: 128/169 MP: 24/55
    51 | D        | Killed a destroyer
    53 | D        | Reached XP level 27. HP: 174/174 MP: 25/55
    53 | D        | Killed a destroyer
    55 | D        | Noticed a destroyer
    56 | D        | Killed a large bag of meat
    60 | D        | Killed a tyrant
    63 | D        | Noticed a large bag of meat
    65 | D        | Killed a destroyer
    69 | D        | Noticed a dread
    69 | D        | Killed a destroyer
    73 | D        | Noticed a meat beast
    75 | D        | Noticed a meat beast
    77 | D        | Killed a meat beast
    81 | D        | Killed a meat beast
    87 | D        | Killed a dread
    92 | D        | Noticed a dread
    93 | D        | Noticed a dread
    93 | D        | Noticed a destroyer
    94 | D        | Noticed a meat beast
    95 | D        | Noticed an accursed
    95 | D        | Noticed an accursed
    95 | D        | Noticed a tyrant
    97 | D        | Noticed The Captor
    99 | D        | Killed a dread
    99 | D        | Killed a destroyer
   100 | D        | Killed a large bag of meat
   100 | D        | Killed a meat beast
   103 | D        | Killed a dread
   105 | D        | Noticed The Defiler
   111 | D        | Killed an accursed
   111 | D        | Killed a tyrant
   114 | D        | Annihilated by The Captor

Skill      XL: |  1  2  3  4  5  6  7  8  9 10 11 12 13 14 15 16 17 18 19 20 21 22 |
---------------+-------------------------------------------------------------------+-----
Fighting       | 14 17 19 22 23 26 27 | 27.0
Axes           | 14 17 18 22 23 26 27 | 27.0
Armour         | 12 14 15 18 19 22 26 27 | 27.0
Dodging        | 22 25 27 | 27.0
Stealth        | 11 12 14 17 18 21 25 27 | 27.0
Throwing       | 13 20 26 27 | 27.0
Unarmed Combat | 12 18 23 27 | 27.0
Spellcasting   | 16 23 27 | 27.0
Invocations    | 13 20 26 27 | 27.0

Action                   |  1- 3 |  4- 6 |  7- 9 | 10-12 | 13-15 | 16-18 | 19-21 | 22-24 | 25-27 || total
-------------------------+-------+-------+-------+-------+-------+-------+-------+-------+-------++-------
Melee: Broad axe         |     1 |       |       |       |     6 |     4 |     6 |     5 |    41 ||    63
Dodge: Dodged            |       |       |       |       |       |     1 |       |       |     5 ||     6
